 Dungeon Crawl Stone Soup version 0.31-a0-889-g1a8549509d (webtiles) character file.

Game seed: 11603463687740433404

1503 p00ps00p the Chopper (level 8, -1/73 HPs)
             Began as a Hill Orc Fighter on Oct 16, 2023.
             Was an Initiate of Gozag.
             Slain by a tarantella (shapeshifter) (3 damage)
             ... led by a gnoll bouda
             ... on level 7 of the Dungeon.
             The game lasted 00:08:24 (6715 turns).

p00ps00p the Chopper (Hill Orc Fighter)             Turns: 6715, Time: 00:08:25

Health: -1/73      AC: 13    Str: 21    XL:     8   Next: 82%
Magic:  8/8        EV:  9    Int:  8    God:    Gozag
Gold:   348        SH: 10    Dex: 10    Spells: 7/7 levels left

rFire   . . .        a - +0 war axe (chaos)
rCold   . . .        c - +0 buckler
rNeg    . . .        b - +0 scale mail
rPois   .            (no helmet)
rElec   .            o - +2 cloak
rCorr   .            f - +0 pair of gloves
SInv    .            A - +0 pair of boots
Will    .....        e - amulet of reflection Stlth
                     (no ring)
HPRegen 0.32/turn    (no ring)
MPRegen 0.11/turn

%: reflection
@: about to teleport
A: no striking features
a: Renounce Religion, Potion Petition, Call Merchant, Bribe Branch


You were on level 7 of the Dungeon.
You worshipped Gozag.
Gozag was aware of your devotion.
You visited 2 branches of the dungeon, and saw 8 of its levels.

You collected 482 gold pieces.
You spent 20 gold pieces at shops.
You paid 114 gold pieces to Gozag.

Inventory:

Hand Weapons
 a - a +0 war axe of chaos (weapon)
 m - a +1 whip of venom
Missiles
 p - 10 poisoned darts
Armour
 b - a +0 scale mail (worn)
 c - a +0 buckler (worn)
 f - a +0 pair of gloves (worn)
 o - a +2 cloak (worn)
 A - a +0 pair of boots (worn)
Jewellery
 e - an amulet of reflection (around neck)
 x - a ring of ice
 y - a ring of magical power
Scrolls
 h - a scroll of immolation
 l - a scroll of teleportation
 r - 2 scrolls of amnesia
Potions
 d - 4 potions of might
 i - a potion of berserk rage
 k - a potion of resistance {unknown}
 s - 2 potions of mutation
 u - a potion of lignification {unknown}
 w - a potion of attraction {unknown}
 z - a potion of magic {unknown}


   Skills:
 + Level 7.3 Fighting
 + Level 7.4 Axes
 + Level 6.7 Armour
 + Level 6.7 Shields


You had 7 spell levels left.
You didn't know any spells.
Your spell library contained the following spells:

 Spells                   Type           Power      Damage    Failure   Level
 Kiss of Death            Conj/Necr      0%         2d5       78%         1
 Shock                    Conj/Air       0%         1d3       78%         1
 Cigotuvi's Dreadful Rot  Necr/Pois/Air  0%         N/A       89%         2
 Ensorcelled Hibernation  Hex/Ice        0%         N/A       89%         2
 Passwall                 Tmut/Erth      0%         N/A       89%         2
 Confusing Touch          Hex            0%         N/A       98%         3
 Swiftness                Air            0%         N/A       98%         3
 Airstrike                Air            0%         2d(0-16)  100%        4
 Dispel Undead            Necr           0%         3d6       100%        4
 Death Channel            Necr           0%         N/A       100%        6


Dungeon Overview and Level Annotations

Branches:
Dungeon (7/15)             Temple (1/1) D:6

Altars:
Ashenzari
Cheibriados
Dithmenos
Elyvilon
Fedhas
Gozag
Hepliaklqana
Kikubaaqudgha
Makhleb
Nemelex Xobeh
Okawaru
Qazlal
Ru
Sif Muna
Uskayaw
Vehumet
Wu Jian
Xom
Yredelemnul
Zin
The Shining One

Shops:
D:2 ?*:!


Message History

You block the harpy's attack. The harpy claws you! The harpy claws you.
The harpy barely misses you.
Aiming: Mindburst
Press: ? - help, Q - select action, (/) - cycle Shift-Dir - straight line, f - harpy
Aim: a harpy shaped shifter (almost dead, strong, chance to affect: 64%)
The harpy struggles to resist.
The harpy closely misses you. You block the harpy's attack.
Aiming: Mindburst
Press: ? - help, Q - select action, (/) - cycle Shift-Dir - straight line, f/p - harpy
Aim: a harpy shaped shifter (almost dead, strong, chance to affect: 64%)
The harpy struggles to resist.
The now-empty wand crumbles to dust.
The harpy claws you!
* * * LOW HITPOINT WARNING * * *
You block the harpy's attack. The harpy claws you!
* * * LOW HITPOINT WARNING * * *
The harpy barely misses you.
You feel better.
The harpy changes into a tarantella!
As you read the scroll of teleportation, it crumbles to dust.
You feel strangely unstable.
You slash the tarantella!
The tarantella is heavily wounded.
The tarantella touches you!
* * * LOW HITPOINT WARNING * * *
You are confused.
The tarantella touches you but does no damage.
You're too confused to move!
The tarantella touches you but does no damage.
Your surroundings seem slightly different.
The tarantella touches you.
* * * LOW HITPOINT WARNING * * *
You're too confused to move!
The tarantella touches you.
* * * LOW HITPOINT WARNING * * *
The tarantella closely misses you.
You feel less confused. You block the tarantella's attack.
As you read the scroll of teleportation, it crumbles to dust.
You feel strangely unstable. The tarantella touches you.
You die...
Your body crumbles into a pile of gold.

≈.[....§§.##....##...#
§≈≈≈≈≈≈≈§............#
.......§§...........##
.....#...#.........##
.....##..####.....##
.... #.#####$$..##
.... ..##.?$)####
.........##
.........@##
........s..#
...........#
...........#
..........##
.#.........#
#.####....# #. ##.###
. #..


You could see a tarantella shaped shifter.

Vanquished Creatures
  A water moccasin (D:6)
  2 sky beasts
  A black bear (D:6)
  An ogre (D:6)
  A phantom (D:5)
  A bullfrog (D:7)
  2 scorpions
  2 howler monkeys
  2 jellies (D:6)
  A gnoll bouda (D:7)
  4 hounds
  A sleepcap (D:4)
  3 orc wizards
  Terence (D:2)
  2 iguanas
  Natasha (D:2)
  9 gnolls
  10 adders
  3 shadow imps
  A white imp (D:5)
  2 ufetubi (D:4)
  A worm (D:2)
  9 orcs
  3 ball pythons (D:4)
  5 endoplasms
  3 giant cockroaches
  8 hobgoblins
  6 jackals
  3 quokkas
  7 bats
  4 frilled lizards
  4 goblins
  6 kobolds
  8 rats
118 creatures vanquished.

Notes
Turn   | Place    | Note
-------+----------+-------------------------------------------
     0 | D:1      | p00ps00p the Hill Orc Fighter began the quest for the Orb.
     0 | D:1      | Reached XP level 1. HP: 19/19 MP: 1/1
   312 | D:1      | Reached XP level 2. HP: 27/27 MP: 2/2
   929 | D:2      | Reached XP level 3. HP: 9/33 MP: 3/3
  1356 | D:2      | Found Biur's Distillery.
  1409 | D:2      | Found Iga Umif's Book Boutique.
  1518 | D:2      | Found Fusk's Magic Scroll Boutique.
  1577 | D:2      | Bought a scroll of identify for 20 gold pieces
  1614 | D:2      | Reached XP level 4. HP: 40/40 MP: 4/4
  1632 | D:2      | Found a glowing golden altar of the Shining One.
  1635 | D:2      | Noticed Terence
  1640 | D:2      | Noticed Natasha
  1645 | D:2      | Killed Terence
  1648 | D:2      | Killed Natasha
  1649 | D:2      | Reached XP level 5. HP: 16/47 MP: 5/5
  1909 | D:2      | Found Loukioc's General Store.
  2873 | D:4      | Reached skill level 5 in Fighting
  2873 | D:4      | Reached XP level 6. HP: 39/56 MP: 6/6
  2895 | D:4      | Identified a scroll of acquirement
  2895 | D:4      | Acquired an amulet of reflection
  3284 | D:4      | Reached skill level 5 in Axes
  3346 | D:4      | Identified the +7 mace of Dissolution {heavy, rN+}
  3688 | D:5      | Entered Level 5 of the Dungeon
  3746 | D:5      | Reached skill level 5 in Armour
  3812 | D:5      | Reached skill level 5 in Shields
  3812 | D:5      | Reached XP level 7. HP: 36/61 MP: 7/7
  4961 | D:6      | Found a staircase to the Ecumenical Temple.
  4978 | Temple   | Entered the Ecumenical Temple
  5157 | Temple   | Became a worshipper of Gozag Ym Sagoz the Greedy
  5180 | D:6      | Reached XP level 8. HP: 69/71 MP: 8/8
  6694 | D:7      | a gnoll changed into a shapeshifter
  6694 | D:7      | Noticed a shapeshifter (shapeshifter)
  6694 | D:7      | a shapeshifter changed into a harpy
  6694 | D:7      | Noticed a harpy (shapeshifter)
  6706 | D:7      | HP: 3/73 [harpy (shapeshifter)[a gnoll bouda] (10)]
  6707 | D:7      | a harpy changed into a tarantella
  6707 | D:7      | Noticed a tarantella (shapeshifter)
  6711 | D:7      | HP: 2/73 [tarantella (shapeshifter)[a gnoll bouda] (1)]
  6715 | D:7      | Slain by a tarantella (shapeshifter)

Illustrated notes

Levels and vault maps discovered:
D:1:      dpeg_arrival_rhombi, layout_loops_corners
D:2:      layout_basic, serial_shops, shop, shop, nicolae_shop_stone,
          nicolae_shop_back_alley_shop, basic_altar, uniq_terence, uniq_natasha
D:3:      layout_loops_corners
D:4:      layout_gridville, nrook_campfire, kennysheep_small_circle
D:5:      layout_layer_cave
D:6:      layout_basic, minmay_temple_entry_sparse_star, corner_web_ring
D:7:      layout_cave_pools, mainiacjoe_overflow_brackets, grunt_ogre_cave
Temple:   mainiacjoe_temple_circle_huts

Skill      XL: |  1  2  3  4  5  6  7  8 |
---------------+-------------------------+-----
Axes           | 3 4 5 6 7 |  7.4
Fighting       | 4 5 6 7 |  7.3
Armour         | 4 5 6 |  6.7
Shields        | 4 5 6 |  6.7

Action                     |  1- 3 |  4- 6 |  7- 9 || total
---------------------------+-------+-------+-------++-------
  Melee: War axe           |   126 |   137 |   139 ||   402
  Evoke: Wand              |       |       |     2 ||     2
    Use: Scroll            |     4 |     1 |    10 ||    15
         Potion            |       |     2 |     1 ||     3
 Armour: Scale mail        |   102 |   126 |   121 ||   349
  Dodge: Dodged            |    53 |    64 |    70 ||   187
  Block: Buckler           |    34 |    59 |    85 ||   178
         Reflection        |       |     1 |       ||     1

Table legend: (Time is in decaauts)
 A = Elapsed time spent in this place.
 B = Non-inter-level travel time spent in this place.
 C = Inter-level travel time spent in this place.
 D = Time resting spent in this place.
 E = Time spent auto-exploring this place.
 F = Levels seen in this place.
 G = Mean time per level.
                   A        B        C        D        E       F      G
               +--------+--------+--------+--------+--------+-----+--------+
         Total |   6834 |   6536 |    298 |    917 |   4556 |   8 |  854.2 |
       Dungeon |   6641 |   6366 |    275 |    917 |   4398 |   7 |  948.7 |
        Temple |    192 |    169 |     23 |      0 |    158 |   1 |  192.0 |
               +--------+--------+--------+--------+--------+-----+--------+

Top non-repeatable levels by time:
     D:6: 1519 daAuts
     D:5: 1230 daAuts
     D:2: 1066 daAuts
     D:1: 925 daAuts
     D:4: 917 daAuts
     D:3: 862 daAuts
  Temple: 192 daAuts
     D:7: 120 daAuts
